MLB
OAKLAND ATHLETICS @ NEW YORK YANKEES
08/31/2019
 
TOP OF THE 1ST
Oakland Athletics batting - Pitching for New York Yankees : RHP Zack Greinke
Pitching: RHP Zack Greinke
Batting: LHB Shin-Soo Choo 0-0: Foul Ball, location: 2F
0-1: Ball
1-1: Foul Ball, location: 2F
1-2: Foul Ball, location: 2F
1-2: Ball
2-2: Strikes out swinging passed ball, reaches first!
Batting: RHB Mark Canha 0-0: Called Strike
0-1: Ball
1-1: Hit by Pitch
Shin-Soo Choo to second
Batting: SHB Eduardo Escobar 0-0: Ball
1-0: Called Strike
1-1: Foul Ball, location: 2F
1-2: Strikes out looking
Batting: LHB Didi Gregorius 0-0: Foul Ball, location: 2F
0-1: Swinging Strike
0-2: Strikes out swinging
Batting: RHB Rhys Hoskins 0-0: Foul Ball, location: 2F
0-1: Ground out 5-3 (Groundball, 56S, EV 67.5 MPH)
Top of the 1st over - 0 runs, 0 hits, 0 errors, 2 left on base; Oakland 0 - New York 0
BOTTOM OF THE 1ST
New York Yankees batting - Pitching for Oakland Athletics : RHP Zach Eflin
Pitching: RHP Zach Eflin
Batting: LHB Tony Kemp 0-0: Ball
1-0: Ball
2-0: Ball
3-0: Base on Balls
Batting: RHB Garrett Hampson 0-0: Ball
1-0: Called Strike
1-1: Ball
2-1: Called Strike
2-2: Foul Ball, location: 2F
2-2: Strikes out swinging
Batting: RHB Ryan Braun 0-0: Foul Ball, location: 2F
0-1: Called Strike
0-2: Foul Ball, location: 2F
0-2: Fielders Choice at 2nd, 6-4 (Groundball, 56, EV 109.4 MPH)
Batting: RHB Anthony Rendon 0-0: SINGLE (Groundball, 4D, EV 96.9 MPH)
Ryan Braun to second
Runner from 2nd tries for 3rd, SAFE, throw by CF made to third
Batting: RHB Eloy Jimenez 0-0: Ball
1-0: Foul Ball, location: 2F
1-1: DOUBLE (Flyball, 78XD, EV 91.9 MPH)
Ryan Braun scores
Anthony Rendon to third
Batting: RHB Paul Goldschmidt 0-0: Ball
1-0: Called Strike
1-1: Swinging Strike
1-2: Strikes out swinging
Bottom of the 1st over - 1 run, 2 hits, 0 errors, 2 left on base; Oakland 0 - New York 1
TOP OF THE 2ND
Oakland Athletics batting - Pitching for New York Yankees : RHP Zack Greinke
Batting: RHB Jose Abreu 0-0: Ball
1-0: Ball
2-0: Ball
3-0: Called Strike
3-1: Ground out 6-3 (Groundball, 6M, EV 80.6 MPH)
Batting: LHB Cory Spangenberg 0-0: Ground out 4-3 (Groundball, 4, EV 90.6 MPH)
Batting: LHB Steven Duggar 0-0: Called Strike
0-1: Called Strike
0-2: Foul Ball, location: 2F
0-2: Strikes out swinging
Top of the 2nd over - 0 runs, 0 hits, 0 errors, 0 left on base; Oakland 0 - New York 1
BOTTOM OF THE 2ND
New York Yankees batting - Pitching for Oakland Athletics : RHP Zach Eflin
Batting: LHB Brandon Crawford 0-0: Called Strike
0-1: Ball
1-1: Ball
2-1: Swinging Strike
2-2: Ground out 6-3 (Groundball, 6, EV 86.3 MPH)
Batting: LHB Garrett Stubbs 0-0: Foul Ball, location: 2F
0-1: Swinging Strike
0-2: Ball
1-2: Foul Ball, location: 2F
1-2: Ball
2-2: Foul Ball, location: 2F
2-2: Strikes out swinging, 2-3 out at first.
Batting: LHB Scooter Gennett 0-0: Fly out, F9 (Line Drive, 9D, EV 88.8 MPH)
Bottom of the 2nd over - 0 runs, 0 hits, 0 errors, 0 left on base; Oakland 0 - New York 1
TOP OF THE 3RD
Oakland Athletics batting - Pitching for New York Yankees : RHP Zack Greinke
Batting: RHB Kurt Suzuki 0-0: Called Strike
0-1: Called Strike
0-2: Ball
1-2: SINGLE (Line Drive, 9S, EV 107.5 MPH)
Batting: LHB Shin-Soo Choo 0-0: Swinging Strike
0-1: Ball
1-1: Ball
Balk!
Kurt Suzuki to second
2-1: Called Strike
2-2: Strikes out swinging
Batting: RHB Mark Canha 0-0: Called Strike
0-1: Ball
1-1: Called Strike
1-2: Foul Ball, location: 2F
1-2: Foul Ball, location: 2F
1-2: Ball
2-2: Strikes out swinging
Batting: SHB Eduardo Escobar 0-0: Ball
1-0: Called Strike
1-1: Foul Ball, location: 2F
1-2: Fly out, F8 (Flyball, 89D, EV 85.6 MPH)
Top of the 3rd over - 0 runs, 1 hit, 0 errors, 1 left on base; Oakland 0 - New York 1
BOTTOM OF THE 3RD
New York Yankees batting - Pitching for Oakland Athletics : RHP Zach Eflin
Batting: LHB Tony Kemp 0-0: Bunt for hit to 25 - play at first, batter OUT! 5-3
Batting: RHB Garrett Hampson 0-0: Called Strike
0-1: Called Strike
0-2: Foul Ball, location: 2F
0-2: Ball
1-2: Ball
2-2: Strikes out swinging
Batting: RHB Ryan Braun 0-0: SINGLE (Flyball, 7S, EV 91.3 MPH)
Batting: RHB Anthony Rendon 0-0: Ball
1-0: Called Strike
1-1: Ball
2-1: Fly out, F8 (Flyball, 8RM, EV 88.1 MPH)
Bottom of the 3rd over - 0 runs, 1 hit, 0 errors, 1 left on base; Oakland 0 - New York 1
TOP OF THE 4TH
Oakland Athletics batting - Pitching for New York Yankees : RHP Zack Greinke
Batting: LHB Didi Gregorius 0-0: Swinging Strike
0-1: Ball
1-1: Ball
2-1: Ball
3-1: Swinging Strike
3-2: Foul Ball, location: 2F
3-2: Foul Ball, location: 2F
3-2: Foul Ball, location: 2F
3-2: Base on Balls
Batting: RHB Rhys Hoskins 0-0: Called Strike
0-1: Foul Ball, location: 2F
0-2: Ball
1-2: Strikes out swinging
Batting: RHB Jose Abreu 0-0: Called Strike
0-1: Foul Ball, location: 2F
0-2: DOUBLE (Line Drive, 78D, EV 111.9 MPH)
Didi Gregorius to third
Batting: LHB Cory Spangenberg 0-0: Called Strike
0-1: Ball
1-1: Swinging Strike
1-2: Ground out 6-3 (Groundball, 6, EV 87.5 MPH)
Didi Gregorius scores
Batting: LHB Steven Duggar 0-0: Called Strike
0-1: Called Strike
0-2: Strikes out swinging
Top of the 4th over - 1 run, 1 hit, 0 errors, 1 left on base; Oakland 1 - New York 1
BOTTOM OF THE 4TH
New York Yankees batting - Pitching for Oakland Athletics : RHP Zach Eflin
Batting: RHB Eloy Jimenez 0-0: Ball
1-0: Swinging Strike
1-1: Foul Ball, location: 2F
1-2: Ground out 5-3 (Groundball, 56S, EV 83.8 MPH)
Batting: RHB Paul Goldschmidt 0-0: Called Strike
0-1: Ball
1-1: Ball
2-1: SOLO HOME RUN (Flyball, 9D, EV 103.1 MPH), Distance : 381 ft
Batting: LHB Brandon Crawford 0-0: Called Strike
0-1: Ball
1-1: Ball
2-1: Foul Ball, location: 2F
2-2: Ball
3-2: Ground out 5-3 (Groundball, 5, EV 78.8 MPH)
Batting: LHB Garrett Stubbs 0-0: Ball
1-0: Called Strike
1-1: SINGLE (Line Drive, 34, EV 98.8 MPH)
Batting: LHB Scooter Gennett 0-0: Foul Ball, location: 2F
0-1: Called Strike
0-2: Foul Ball, location: 2F
0-2: Ball
1-2: Strikes out swinging
Bottom of the 4th over - 1 run, 2 hits, 0 errors, 1 left on base; Oakland 1 - New York 2
TOP OF THE 5TH
Oakland Athletics batting - Pitching for New York Yankees : RHP Zack Greinke
Batting: RHB Kurt Suzuki 0-0: Swinging Strike
0-1: Called Strike
0-2: Ball
1-2: Ball
2-2: Ground out 6-3 (Groundball, 6, EV 86.3 MPH)
Batting: LHB Shin-Soo Choo 0-0: Ball
1-0: DOUBLE (Flyball, 8RXD, EV 101.3 MPH)
Batting: RHB Mark Canha 0-0: Ball
1-0: Ball
2-0: Called Strike
2-1: 2-RUN HOME RUN (Flyball, 7LD, EV 99.4 MPH), Distance : 329 ft
Batting: SHB Eduardo Escobar 0-0: Ball
1-0: DOUBLE (Line Drive, 7LS, EV 99.4 MPH)
Batting: LHB Didi Gregorius 0-0: Called Strike
0-1: Called Strike
0-2: Ground out U3 (Groundball, 3L, EV 103.1 MPH)
Eduardo Escobar to third
Batting: RHB Rhys Hoskins 0-0: Swinging Strike
0-1: Called Strike
0-2: Strikes out swinging
Top of the 5th over - 2 runs, 3 hits, 0 errors, 1 left on base; Oakland 3 - New York 2
BOTTOM OF THE 5TH
New York Yankees batting - Pitching for Oakland Athletics : RHP Zach Eflin
Batting: LHB Tony Kemp 0-0: Ball
1-0: Fly out, F4 (Line Drive, 4, EV 70.6 MPH)
Batting: RHB Garrett Hampson 0-0: Ball
1-0: Ball
2-0: Foul Ball, location: 2F
2-1: Ground out 6-3 (Groundball, 6M, EV 88.8 MPH)
Batting: RHB Ryan Braun 0-0: Ball
1-0: Foul Ball, location: 2F
1-1: Ground out 6-3 (Groundball, 56, EV 87.5 MPH)
Bottom of the 5th over - 0 runs, 0 hits, 0 errors, 0 left on base; Oakland 3 - New York 2
TOP OF THE 6TH
Oakland Athletics batting - Pitching for New York Yankees : RHP Zack Greinke
Pitching: RHP Kyle Zimmer
Batting: RHB Jose Abreu 0-0: SINGLE (Groundball, 56D, EV 95.6 MPH)
Batting: LHB Cory Spangenberg 0-0: 2-RUN HOME RUN (Flyball, 78XD, EV 103.8 MPH), Distance : 411 ft
Batting: LHB Steven Duggar 0-0: Ball
1-0: Foul Ball, location: 2F
1-1: Ball
2-1: Bunt for hit to 15S - play at first, batter OUT! 1-3
Batting: RHB Kurt Suzuki 0-0: Called Strike
0-1: Ball
1-1: Ground out U3 (Groundball, 3S, EV 88.8 MPH)
Batting: LHB Shin-Soo Choo 0-0: Foul Ball, location: 2F
0-1: Bunt for hit to 2L - play at first, batter OUT! 2-3
Top of the 6th over - 2 runs, 2 hits, 0 errors, 0 left on base; Oakland 5 - New York 2
BOTTOM OF THE 6TH
New York Yankees batting - Pitching for Oakland Athletics : RHP Zach Eflin
Batting: RHB Anthony Rendon 0-0: Swinging Strike
0-1: Ball
1-1: Called Strike
1-2: Foul Ball, location: 2F
1-2: Ball
2-2: Foul Ball, location: 2F
2-2: Ball
3-2: Base on Balls
Pitching: RHP Michael Feliz
Batting: RHB Eloy Jimenez 0-0: Ball
1-0: Called Strike
1-1: Called Strike
1-2: Strikes out swinging
Batting: RHB Paul Goldschmidt 0-0: Ball
1-0: Ball
2-0: Ball
3-0: Called Strike
3-1: Swinging Strike
3-2: Base on Balls
Anthony Rendon to second
Batting: LHB Brandon Crawford 0-0: Ball
1-0: Swinging Strike
1-1: Ball
2-1: Foul Ball, location: 2F
2-2: Ball
3-2: Fly out, F7 (Flyball, 78M, EV 90.6 MPH)
Batting: LHB Garrett Stubbs 0-0: Foul Ball, location: 2F
0-1: Called Strike
0-2: Ball
1-2: SINGLE (Line Drive, 34, EV 97.5 MPH)
Anthony Rendon to third
Paul Goldschmidt to second
Batting: LHB Scooter Gennett 0-0: Ball
1-0: Ground out 4-3 (Groundball, 4, EV 79.4 MPH)
Bottom of the 6th over - 0 runs, 1 hit, 0 errors, 3 left on base; Oakland 5 - New York 2
TOP OF THE 7TH
Oakland Athletics batting - Pitching for New York Yankees : RHP Kyle Zimmer
Pitching: RHP Wade Davis
Batting: RHB Mark Canha 0-0: Called Strike
0-1: Ball
1-1: Swinging Strike
1-2: Strikes out looking
Batting: SHB Eduardo Escobar 0-0: Swinging Strike
0-1: Foul Ball, location: 2F
0-2: Ball
1-2: Strikes out swinging
Batting: LHB Didi Gregorius 0-0: Swinging Strike
0-1: Foul Ball, location: 2F
0-2: Strikes out swinging
Top of the 7th over - 0 runs, 0 hits, 0 errors, 0 left on base; Oakland 5 - New York 2
BOTTOM OF THE 7TH
New York Yankees batting - Pitching for Oakland Athletics : RHP Michael Feliz
Pitching: RHP Chasen Bradford
Batting: LHB Tony Kemp 0-0: Ball
1-0: Ball
2-0: SINGLE (Line Drive, 4MD, EV 103.1 MPH)
Batting: RHB Garrett Hampson 0-0: Called Strike
0-1: Ball
1-1: SINGLE (Flyball, 9LM, EV 93.1 MPH)
Tony Kemp to second
Batting: RHB Ryan Braun 0-0: Foul Ball, location: 2F
0-1: Ball
1-1: Foul Ball, location: 2F
1-2: Foul Ball, location: 2F
1-2: Foul Ball, location: 2F
1-2: Ball
2-2: Fielders Choice at 2nd, 3-6 (Groundball, 34, EV 106.9 MPH)
Tony Kemp to third
Batting: RHB Anthony Rendon 0-0: Ball
1-0: Called Strike
1-1: Foul Ball, location: 2F
1-2: Fly out, F9 (Flyball, 9D, EV 101.9 MPH)
Runner from 3rd tags up, SCORES, no throw by RF
Batting: RHB Eloy Jimenez 0-0: Called Strike
0-1: Called Strike
0-2: Ball
1-2: Fly out, F9 (Flyball, 9S, EV 86.9 MPH)
Bottom of the 7th over - 1 run, 2 hits, 0 errors, 1 left on base; Oakland 5 - New York 3
TOP OF THE 8TH
Oakland Athletics batting - Pitching for New York Yankees : RHP Wade Davis
Pitching: LHP Josh Hader
Batting: RHB Rhys Hoskins 0-0: Called Strike
0-1: Ball
1-1: Ball
2-1: Ball
3-1: Called Strike
3-2: Base on Balls
Batting: RHB Jose Abreu 0-0: SINGLE (Line Drive, 9LM, EV 110.0 MPH)
Rhys Hoskins to second
Pitching: RHP Shane Greene
Batting: LHB Cory Spangenberg 0-0: Ball
1-0: Called Strike
1-1: Ball
2-1: Swinging Strike
2-2: Strikes out swinging
Batting: LHB Steven Duggar 0-0: Called Strike
0-1: Foul Ball, location: 2F
0-2: Ball
1-2: Foul Ball, location: 2F
1-2: Strikes out looking
Batting: RHB Kurt Suzuki 0-0: Called Strike
0-1: Ball
1-1: Swinging Strike
1-2: Strikes out swinging
Top of the 8th over - 0 runs, 1 hit, 0 errors, 2 left on base; Oakland 5 - New York 3
BOTTOM OF THE 8TH
New York Yankees batting - Pitching for Oakland Athletics : RHP Chasen Bradford
Pitching: RHP Blake Parker
Now at 2B: Freddy Galvis
Batting: RHB Paul Goldschmidt 0-0: Swinging Strike
0-1: Swinging Strike
0-2: Foul Ball, location: 2F
0-2: Fly out, F8 (Flyball, 8RS, EV 88.1 MPH)
Batting: LHB Brandon Crawford 0-0: Foul Ball, location: 2F
0-1: Ball
1-1: Ground out 4-3 (Groundball, 4, EV 79.4 MPH)
Batting: LHB Garrett Stubbs 0-0: Called Strike
0-1: Swinging Strike
0-2: Foul Ball, location: 2F
0-2: Ball
1-2: Ball
2-2: Ball
3-2: Foul Ball, location: 2F
3-2: Foul Ball, location: 2F
3-2: Foul Ball, location: 2F
3-2: Base on Balls
Batting: LHB Scooter Gennett 0-0: Ball
1-0: Swinging Strike
1-1: Ball
2-1: Ball
3-1: Base on Balls
Garrett Stubbs to second
Batting: LHB Tony Kemp 0-0: Called Strike
0-1: Swinging Strike
0-2: Ball
1-2: Strikes out swinging
Bottom of the 8th over - 0 runs, 0 hits, 0 errors, 2 left on base; Oakland 5 - New York 3
TOP OF THE 9TH
Oakland Athletics batting - Pitching for New York Yankees : RHP Shane Greene
Pitching: LHP Felipe Vazquez
Batting: LHB Shin-Soo Choo 0-0: Foul Ball, location: 2F
0-1: Foul Ball, location: 2F
0-2: Ball
1-2: Foul Ball, location: 2F
1-2: Strikes out swinging
Batting: RHB Mark Canha 0-0: Swinging Strike
0-1: Ball
1-1: Ball
2-1: Foul Ball, location: 2F
2-2: Strikes out swinging
Batting: SHB Eduardo Escobar 0-0: Called Strike
0-1: Swinging Strike
0-2: Strikes out looking
Top of the 9th over - 0 runs, 0 hits, 0 errors, 0 left on base; Oakland 5 - New York 3
BOTTOM OF THE 9TH
New York Yankees batting - Pitching for Oakland Athletics : RHP Blake Parker
Pitching: RHP Justin R. Miller
Now in LF: Mac Williamson
Batting: RHB Garrett Hampson 0-0: Ball
1-0: Called Strike
1-1: SINGLE (Groundball, 5D, EV 95.0 MPH)
Batting: RHB Ryan Braun 0-0: DOUBLE (Line Drive, 7LD, EV 110.0 MPH)
Garrett Hampson to third
Batting: RHB Anthony Rendon 0-0: Foul Ball, location: 2F
0-1: Ball
1-1: Ball
2-1: Fly out, F7 (Line Drive, 7S, EV 90.0 MPH)
Batting: RHB Eloy Jimenez 0-0: Foul Ball, location: 2F
0-1: Ground out 6-3 (Groundball, 6D, EV 98.1 MPH)
Garrett Hampson scores
Batting: RHB Paul Goldschmidt 0-0: Ball
1-0: Ball
2-0: Called Strike
2-1: Called Strike
2-2: Ball
3-2: Strikes out looking
Bottom of the 9th over - 1 run, 2 hits, 0 errors, 1 left on base; Oakland 5 - New York 4
Thursday, December 5th, 2019 - OOTP Baseball 20.8 Build 73